PCL
LANSING LUGNUTS @ SAN JOSE MISSIONS
07/15/2025
 
TOP OF THE 1ST
Lansing Lugnuts batting - Pitching for San Jose Missions : RHP Luis Ortíz
Pitching: RHP Luis Ortíz
Batting: RHB Carlos Pérez 0-0: Swinging Strike
0-1: Foul Ball, location: 2F
0-2: Ball
1-2: Ball
2-2: Ball
3-2: Base on Balls
Batting: LHB Don Ramey 0-0: Grounds into double play, 4-6-3 (Groundball, 4)
Batting: LHB Iván Salas 0-0: Foul Ball, location: 2F
0-1: Ball
1-1: Foul Ball, location: 2F
1-2: Ball
2-2: Ball
3-2: Base on Balls
Batting: LHB Sam Barnes 0-0: Foul Ball, location: 2F
0-1: Swinging Strike
0-2: Foul Ball, location: 2F
0-2: SINGLE (Flyball, 89S)
Iván Salas to second
Runner from 2nd tries for 3rd, SAFE, throw made to third
Sam Barnes to second
Batting: RHB Billy Campbell 0-0: Ball
1-0: Foul Ball, location: 2F
1-1: Foul Ball, location: 2F
1-2: SINGLE (Line Drive, 6MD)
Iván Salas scores
Sam Barnes to third
Runner from 3rd tries for Home, SAFE, no throw or cutoff
Batting: LHB Ricardo Romero 0-0: Called Strike
0-1: Ball
1-1: SINGLE (Line Drive, 6M)
Billy Campbell to second
Runner from 2nd tries for 3rd, OUT after rundown.
Top of the 1st over - 2 run(s), 3 hit(s), 0 error(s), 1 left on base; Lansing 2 - San Jose 0
BOTTOM OF THE 1ST
San Jose Missions batting - Pitching for Lansing Lugnuts : RHP Takafumi Ogusuku
Pitching: RHP Takafumi Ogusuku
Batting: RHB Peyton Pennington 0-0: SINGLE (Groundball, 6MD)
Batting: RHB Kyle Williams 0-0: Called Strike
0-1: Ball
1-1: Foul Ball, location: 2F
1-2: Ball
2-2: Ball
3-2: Ground out 6-3 (Groundball, 6M)
Peyton Pennington to second
Batting: LHB Mel Jones 0-0: Called Strike
0-1: Ball
1-1: Swinging Strike
1-2: Fly out, F8 (Flyball, 8RS)
Batting: LHB Arturo Rivera 0-0: Ball
1-0: Swinging Strike
1-1: Ball
2-1: Called Strike
2-2: Ball
3-2: Strikes out swinging
Bottom of the 1st over - 0 run(s), 1 hit(s), 0 error(s), 1 left on base; Lansing 2 - San Jose 0
TOP OF THE 2ND
Lansing Lugnuts batting - Pitching for San Jose Missions : RHP Luis Ortíz
Batting: RHB Douglas Davis 0-0: Ball
1-0: Ball
2-0: Ground out 4-3 (Groundball, 34)
Batting: RHB Júlio Caraballo 0-0: Ball
1-0: Ball
2-0: Ball
3-0: Base on Balls
Batting: RHB Lu-fang Huie 0-0: Foul Ball, location: 2F
0-1: Ball
1-1: Ball
2-1: Ball
3-1: Base on Balls
Júlio Caraballo to second
Batting: RHB Carlos Pérez 0-0: SINGLE (Groundball, 6D)
Júlio Caraballo to third
Lu-fang Huie to second
Runner from 3rd tries for Home, SAFE, throw made home
Lu-fang Huie to third
Carlos Pérez to second
Batting: LHB Don Ramey 0-0: Ground out 1-3 (Groundball, 13)
Batting: LHB Iván Salas 0-0: Foul Ball, location: 2F
0-1: Called Strike
0-2: SINGLE (Groundball, 4MD)
Lu-fang Huie scores
Carlos Pérez to third
Runner from 3rd tries for Home, SAFE, no throw or cutoff
Batting: LHB Sam Barnes 0-0: Ball
1-0: Called Strike
1-1: Foul Ball, location: 2F
1-2: Strikes out swinging
Top of the 2nd over - 3 run(s), 2 hit(s), 0 error(s), 1 left on base; Lansing 5 - San Jose 0
BOTTOM OF THE 2ND
San Jose Missions batting - Pitching for Lansing Lugnuts : RHP Takafumi Ogusuku
Batting: LHB Raúl García 0-0: SOLO HOME RUN (Flyball, 9D), Distance : 391 ft
Batting: RHB Dave Wookey 0-0: Ball
1-0: Ball
2-0: Called Strike
2-1: Foul Ball, location: 2F
2-2: Strikes out swinging
Batting: LHB Kieran Farris 0-0: Ground out 4-3 (Groundball, 4)
Batting: RHB Mike Gordon 0-0: Ground out 6-3 (Groundball, 6)
Bottom of the 2nd over - 1 run(s), 1 hit(s), 0 error(s), 0 left on base; Lansing 5 - San Jose 1
TOP OF THE 3RD
Lansing Lugnuts batting - Pitching for San Jose Missions : RHP Luis Ortíz
Batting: RHB Billy Campbell 0-0: Ground out 4-3 (Groundball, 34)
Batting: LHB Ricardo Romero 0-0: Called Strike
0-1: Foul Ball, location: 2F
0-2: Ball
1-2: Strikes out swinging
Batting: RHB Douglas Davis 0-0: Foul Ball, location: 2F
0-1: Swinging Strike
0-2: Fly out, F9 (Flyball, 9D)
Top of the 3rd over - 0 run(s), 0 hit(s), 0 error(s), 0 left on base; Lansing 5 - San Jose 1
BOTTOM OF THE 3RD
San Jose Missions batting - Pitching for Lansing Lugnuts : RHP Takafumi Ogusuku
Batting: RHB Elliott Rucker 0-0: Called Strike
0-1: Ground out 4-3 (Groundball, 4)
Batting: RHB Peyton Pennington 0-0: Fly out, F5 (Popup, 5F)
Batting: RHB Kyle Williams 0-0: Ball
1-0: Foul Ball, location: 2F
1-1: Ground out 4-3 (Groundball, 4)
Bottom of the 3rd over - 0 run(s), 0 hit(s), 0 error(s), 0 left on base; Lansing 5 - San Jose 1
TOP OF THE 4TH
Lansing Lugnuts batting - Pitching for San Jose Missions : RHP Luis Ortíz
Batting: RHB Júlio Caraballo 0-0: Ball
1-0: SINGLE (Groundball, 5D)
Batting: RHB Lu-fang Huie 0-0: Swinging Strike
0-1: Ball
1-1: Ball
2-1: Ball
3-1: Foul Ball, location: 2F
3-2: Base on Balls
Júlio Caraballo to second
Batting: RHB Carlos Pérez 0-0: Called Strike
0-1: Ball
1-1: Foul Ball, location: 2F
1-2: Ball
2-2: Foul Ball, location: 2F
2-2: Ball
3-2: SINGLE (Line Drive, 34D)
Júlio Caraballo to third
Lu-fang Huie to second
Runner from 3rd tries for Home, SAFE, throw made home
Lu-fang Huie to third
Carlos Pérez to second
Batting: LHB Don Ramey 0-0: Ball
1-0: Ball
2-0: Ground out 4-3 (Groundball, 34)
Lu-fang Huie scores
Carlos Pérez to third
Batting: LHB Iván Salas 0-0: Called Strike
0-1: Ball
1-1: Ball
2-1: Ball
3-1: Foul Ball, location: 2F
3-2: Ground out 4-3 (Groundball, 4M)
Carlos Pérez scores
Batting: LHB Sam Barnes 0-0: Called Strike
0-1: Ball
1-1: Ball
2-1: Ball
3-1: Base on Balls
Pitching: LHP Octávio Pérez
Batting: RHB Billy Campbell 0-0: Ball
1-0: Ball
2-0: Ground out 5-3 (Groundball, 5S)
Top of the 4th over - 3 run(s), 2 hit(s), 0 error(s), 1 left on base; Lansing 8 - San Jose 1
BOTTOM OF THE 4TH
San Jose Missions batting - Pitching for Lansing Lugnuts : RHP Takafumi Ogusuku
Batting: LHB Mel Jones 0-0: Ball
1-0: Called Strike
1-1: Ball
2-1: Foul Ball, location: 2F
2-2: Strikes out looking
Batting: LHB Arturo Rivera 0-0: Ball
1-0: Foul Ball, location: 2F
1-1: SINGLE (Line Drive, 7S)
Batting: LHB Raúl García 0-0: Ball
1-0: Fly out, F7 (Line Drive, 7LS)
Batting: RHB Dave Wookey 0-0: Ball
1-0: Foul Ball, location: 2F
1-1: Ball
2-1: Ball
3-1: 2-RUN HOME RUN (Flyball, 78XD), Distance : 422 ft
Batting: LHB Kieran Farris 0-0: Foul Ball, location: 2F
0-1: Ground out 1-3 (Groundball, 13)
Bottom of the 4th over - 2 run(s), 2 hit(s), 0 error(s), 0 left on base; Lansing 8 - San Jose 3
TOP OF THE 5TH
Lansing Lugnuts batting - Pitching for San Jose Missions : LHP Octávio Pérez
Batting: LHB Ricardo Romero 0-0: Ball
1-0: Foul Ball, location: 2F
1-1: SINGLE (Groundball, 4MD)
Batting: RHB Douglas Davis 0-0: Ball
1-0: Ball
2-0: Ball
3-0: Base on Balls
Ricardo Romero to second
Batting: RHB Júlio Caraballo 0-0: SINGLE (Line Drive, 7LS)
Ricardo Romero to third
Douglas Davis to second
Batting: RHB Lu-fang Huie 0-0: Ball
1-0: Ball
2-0: Foul Ball, location: 2F
2-1: Ball
3-1: Base on Balls
Ricardo Romero scores
Douglas Davis to third
Júlio Caraballo to second
Batting: RHB Carlos Pérez 0-0: Ball
1-0: Fly out, F9 (Flyball, 9M)
Batting: LHB Don Ramey 0-0: Foul Ball, location: 2F
0-1: Ball
1-1: SINGLE (Line Drive, 6M)
Douglas Davis scores
Júlio Caraballo to third
Lu-fang Huie to second
Batting: LHB Iván Salas 0-0: Ball
1-0: Foul Ball, location: 2F
1-1: Foul Ball, location: 2F
1-2: Ball
2-2: Strikes out swinging
Batting: LHB Sam Barnes 0-0: Foul Ball, location: 2F
0-1: Ball
1-1: Foul Ball, location: 2F
1-2: Ball
2-2: Foul Ball, location: 2F
2-2: SINGLE (Line Drive, 4D)
Júlio Caraballo scores
Lu-fang Huie to third
Don Ramey to second
Runner from 3rd tries for Home, throw and OUT!
Top of the 5th over - 3 run(s), 4 hit(s), 0 error(s), 2 left on base; Lansing 11 - San Jose 3
BOTTOM OF THE 5TH
San Jose Missions batting - Pitching for Lansing Lugnuts : RHP Takafumi Ogusuku
Batting: RHB Mike Gordon 0-0: Ball
1-0: Ball
2-0: SINGLE (Flyball, 8RS)
Batting: RHB Elliott Rucker 0-0: Ball
1-0: Called Strike
1-1: Foul Ball, location: 2F
1-2: Ball
2-2: DOUBLE (Line Drive, 5D)
Mike Gordon to third
Batting: RHB Peyton Pennington 0-0: Foul Ball, location: 2F
0-1: Fly out, F8 (Flyball, 8RD)
Runner from 3rd tags up, SCORES, no throw
Batting: RHB Kyle Williams 0-0: Ball
1-0: Ball
2-0: Called Strike
2-1: Ball
3-1: Ground out 4-3 (Groundball, 4)
Elliott Rucker to third
Pitching: RHP Aaron Abrams
Batting: LHB Mel Jones 0-0: Ball
1-0: Called Strike
1-1: SINGLE (Line Drive, 9LS)
Elliott Rucker scores
Batting: LHB Arturo Rivera 0-0: Ball
1-0: Called Strike
1-1: Ball
2-1: Swinging Strike
2-2: Foul Ball, location: 2F
2-2: Foul Ball, location: 2F
2-2: Foul Ball, location: 2F
2-2: Strikes out looking
Bottom of the 5th over - 2 run(s), 3 hit(s), 0 error(s), 1 left on base; Lansing 11 - San Jose 5
TOP OF THE 6TH
Lansing Lugnuts batting - Pitching for San Jose Missions : LHP Octávio Pérez
Batting: RHB Billy Campbell 0-0: Ball
1-0: Ball
2-0: Called Strike
2-1: Reached on error, E6 (Groundball, 6)
Batting: LHB Ricardo Romero 0-0: Called Strike
0-1: SINGLE (Groundball, 4MD)
Billy Campbell to second
Batting: RHB Douglas Davis 0-0: Foul Ball, location: 2F
0-1: Swinging Strike
0-2: Ball
1-2: Foul Ball, location: 2F
1-2: Grounds into double play, 5-4-3 (Groundball, 5)
Billy Campbell to third
Batting: RHB Júlio Caraballo 0-0: Ball
1-0: Foul Ball, location: 2F
1-1: Ball
2-1: Foul Ball, location: 2F
2-2: Strikes out swinging
Top of the 6th over - 0 run(s), 1 hit(s), 1 error(s), 1 left on base; Lansing 11 - San Jose 5
BOTTOM OF THE 6TH
San Jose Missions batting - Pitching for Lansing Lugnuts : RHP Aaron Abrams
Batting: LHB Raúl García 0-0: Fly out, F8 (Flyball, 8LD)
Batting: RHB Dave Wookey 0-0: Called Strike
0-1: Foul Ball, location: 2F
0-2: Foul Ball, location: 2F
0-2: Ball
1-2: Ball
2-2: Fly out, F5 (Line Drive, 5S)
Batting: LHB Kieran Farris 0-0: Called Strike
0-1: Swinging Strike
0-2: Ball
1-2: Strikes out swinging
Bottom of the 6th over - 0 run(s), 0 hit(s), 0 error(s), 0 left on base; Lansing 11 - San Jose 5
TOP OF THE 7TH
Lansing Lugnuts batting - Pitching for San Jose Missions : LHP Octávio Pérez
Batting: RHB Lu-fang Huie 0-0: Ball
1-0: Ball
2-0: Called Strike
2-1: Ball
3-1: Base on Balls
Batting: RHB Carlos Pérez 0-0: Foul Ball, location: 2F
0-1: Ball
1-1: Ball
2-1: Ball
3-1: Base on Balls
Lu-fang Huie to second
Batting: LHB Don Ramey 0-0: Ball
1-0: Ball
2-0: SINGLE (Line Drive, 4D)
Lu-fang Huie to third
Carlos Pérez to second
Pitching: RHP Paul Lewis
Batting: LHB Iván Salas 0-0: Ball
1-0: Ball
2-0: Swinging Strike
2-1: Ball
3-1: Swinging Strike
3-2: GRAND SLAM HOME RUN (Line Drive, 9D), Distance : 404 ft
Batting: LHB Sam Barnes 0-0: Ball
1-0: Foul Ball, location: 2F
1-1: Called Strike
1-2: Ball
2-2: Strikes out looking
Batting: RHB Billy Campbell 0-0: Ground out U3 (Groundball, 3)
Batting: LHB Ricardo Romero 0-0: Ball
1-0: Fly out, F7 (Flyball, 78M)
Top of the 7th over - 4 run(s), 2 hit(s), 0 error(s), 0 left on base; Lansing 15 - San Jose 5
BOTTOM OF THE 7TH
San Jose Missions batting - Pitching for Lansing Lugnuts : RHP Aaron Abrams
Pitching: RHP Kosami Tagawa
Batting: RHB Mike Gordon 0-0: Foul Ball, location: 2F
0-1: Ball
1-1: Fly out, F9 (Flyball, 89D)
Batting: RHB Elliott Rucker 0-0: Fly out, F7 (Flyball, 78M)
Batting: RHB Peyton Pennington 0-0: Swinging Strike
0-1: Fly out, F4 (Popup, 3D)
Bottom of the 7th over - 0 run(s), 0 hit(s), 0 error(s), 0 left on base; Lansing 15 - San Jose 5
TOP OF THE 8TH
Lansing Lugnuts batting - Pitching for San Jose Missions : RHP Paul Lewis
Batting: RHB Douglas Davis 0-0: Ball
1-0: Swinging Strike
1-1: Ball
2-1: SINGLE (Line Drive, 56D)
Batting: RHB Júlio Caraballo 0-0: Ball
1-0: Foul Ball, location: 2F
1-1: Ball
2-1: Swinging Strike
2-2: Ball
3-2: Foul Ball, location: 2F
3-2: Strikes out swinging
Batting: RHB Lu-fang Huie 0-0: Called Strike
0-1: DOUBLE (Line Drive, 89XD)
Douglas Davis to third
Batting: RHB Carlos Pérez 0-0: Foul Ball, location: 2F
0-1: SINGLE (Line Drive, 8LS)
Douglas Davis scores
Lu-fang Huie to third
Runner from 3rd tries for Home, SAFE, no throw or cutoff
Batting: LHB Don Ramey 0-0: Ball
1-0: Ball
2-0: Foul Ball, location: 2F
2-1: Foul Ball, location: 2F
2-2: Hit by Pitch
Carlos Pérez to second
Batting: LHB Iván Salas 0-0: Called Strike
Carlos Pérez steals 3rd base
Don Ramey to second
0-1: Foul Ball, location: 2F
0-2: Foul Ball, location: 2F
0-2: Ball
1-2: Ball
2-2: 3-RUN HOME RUN (Flyball, 89XD), Distance : 428 ft
Batting: LHB Sam Barnes 0-0: Fly out, F5 (Popup, 56S)
Batting: RHB Billy Campbell 0-0: Foul Ball, location: 2F
0-1: Foul Ball, location: 2F
0-2: SINGLE (Line Drive, 9LS)
Batting: LHB Ricardo Romero 0-0: Called Strike
0-1: Foul Ball, location: 2F
0-2: Ball
1-2: Ball
2-2: 2-RUN HOME RUN (Flyball, 9LD), Distance : 360 ft
Batting: RHB Douglas Davis 0-0: Foul Ball, location: 2F
0-1: Ball
1-1: Foul Ball, location: 2F
1-2: Foul Ball, location: 2F
1-2: Ball
2-2: Ground out 6-3 (Groundball, 6)
Top of the 8th over - 7 run(s), 6 hit(s), 0 error(s), 0 left on base; Lansing 22 - San Jose 5
BOTTOM OF THE 8TH
San Jose Missions batting - Pitching for Lansing Lugnuts : RHP Kosami Tagawa
Now at 1B: Félix García
Now in CF: Sadao Kimura
Batting: RHB Kyle Williams 0-0: Called Strike
0-1: Ball
1-1: Foul Ball, location: 2F
1-2: Foul Ball, location: 2F
1-2: Strikes out looking
Batting: LHB Mel Jones 0-0: Called Strike
0-1: Swinging Strike
0-2: Ball
1-2: Strikes out swinging
Pinch Hitting: RHB Ramón Ruíz 0-0: Ball
1-0: Ball
2-0: Ball
3-0: Base on Balls
Batting: LHB Raúl García 0-0: Ball
1-0: Ball
2-0: Foul Ball, location: 2F
2-1: Ball
3-1: Base on Balls
Ramón Ruíz to second
Batting: RHB Dave Wookey 0-0: Ball
1-0: Ball
2-0: Ball
3-0: Called Strike
3-1: SINGLE (Groundball, 56)
Ramón Ruíz to third
Raúl García to second
Batting: LHB Kieran Farris 0-0: Called Strike
0-1: Ball
1-1: Called Strike
1-2: Fly out, F7 (Flyball, 78M)
Bottom of the 8th over - 0 run(s), 1 hit(s), 0 error(s), 3 left on base; Lansing 22 - San Jose 5
TOP OF THE 9TH
Lansing Lugnuts batting - Pitching for San Jose Missions : RHP Paul Lewis
Pitching: RHP Jorge Comacho
Now in CF: José Martínez
Batting: RHB Júlio Caraballo 0-0: Called Strike
0-1: Ball
1-1: Swinging Strike
1-2: Ball
2-2: Foul Ball, location: 2F
2-2: DOUBLE (Line Drive, 7LD)
Batting: RHB Lu-fang Huie 0-0: Called Strike
0-1: Foul Ball, location: 2F
0-2: Ball
1-2: Foul Ball, location: 2F
1-2: Strikes out swinging
Batting: RHB Carlos Pérez 0-0: Fly out, F3 (Popup, 3F)
Batting: LHB Don Ramey 0-0: Ball
1-0: Foul Ball, location: 2F
1-1: Called Strike
1-2: Ball
2-2: Ground out 6-3 (Groundball, 6)
Top of the 9th over - 0 run(s), 1 hit(s), 0 error(s), 1 left on base; Lansing 22 - San Jose 5
BOTTOM OF THE 9TH
San Jose Missions batting - Pitching for Lansing Lugnuts : RHP Kosami Tagawa
Pitching: RHP Juan Álvarez
Now at SS: Lorne Barnes
Batting: RHB Mike Gordon 0-0: Called Strike
0-1: Swinging Strike
0-2: Foul Ball, location: 2F
0-2: Ball
1-2: Strikes out swinging
Batting: RHB Elliott Rucker 0-0: Called Strike
0-1: Foul Ball, location: 2F
0-2: Ball
1-2: Strikes out swinging
Batting: RHB Peyton Pennington 0-0: Called Strike
0-1: Ball
1-1: Ball
2-1: Ball
3-1: SINGLE (Line Drive, 6M)
Pinch Hitting: RHB Dale Taylor 0-0: Foul Ball, location: 2F
0-1: Ball
1-1: Ground out 2-3 (Groundball, 25)
Bottom of the 9th over - 0 run(s), 1 hit(s), 0 error(s), 1 left on base; Lansing 22 - San Jose 5
This league is powered by Out of the Park Baseball, the baseball management simulation game for PC, Mac and Linux
Tuesday, August 2nd, 2016 - OOTP Baseball 16.8 Build 38